Cogmind - Beta 13 X1 @@@ ROGUE MODE // 2023.07.13 @ 01:07:39 Player: biogoob Result: Destroyed by B-99 Colossus with Linear Accelerator Performance ------------- Evolutions (9) 4500 Regions Visited (24) 4800 Robots Destroyed (83) 415 Value Destroyed (3632) 3632 Prototype IDs (38) 760 Alien Tech Used (3) 600 Bonus (2065) 2065 TOTAL SCORE: 16772 Bonus ------- Pacifist 200 High Alert Combat Kills 77 Follower Combat Kills 188 Met Data Miner 300 Met Zhirov 300 Scanned by Researcher 500 Pursued by Intercept 500 Cogmind --------- Core Integrity 0/1600 Matter 300/300 Energy 99/100 System Corruption 4% Temperature Cool (0) Movement Core (50) Location -1/Access Parts ------- > --- POWER (2) -------- (None) > --- PROPULSION (7) --- (None) > --- UTILITY (13) ----- Advanced Visual Processing Unit Advanced Signal Interpreter Experimental Targeting Computer > --- WEAPON (3) ------- (None) > --- INVENTORY (5) ---- Precision Rocket Launcher Enhanced Force Lance Peak State ------------ > --- POWER ------------ Light Particle Reactor Light Quantum Reactor > --- PROPULSION ------- Cooled Nuclear Pulse Thruster Cooled Field Propulsion Drive Field Propulsion Array Impulse Thruster Array Experimental Q-thruster > --- UTILITY ---------- Long-range Sensor Array Advanced Signal Interpreter Improved Melee Analysis Suite Nanoactuators Improved Transmission Jammer Experimental ECM Suite Experimental Power Shielding Hacking Suite Advanced Hacking Suite Advanced Hacking Suite Advanced Hacking Suite > --- WEAPON ----------- Thunder Hammer Centrium Greatsword > --- INVENTORY -------- Cooled Field Propulsion Drive Cooled Field Propulsion Drive Q-thruster Precision Rocket Launcher Enhanced Force Lance [Rating: 162] Favorites ----------- Power Micro Nuclear Core Engine Ion Engine Power Core Micro Nuclear Core Reactor Light Antimatter Reactor Propulsion Improved Titanium Leg Treads Light Treads Leg Improved Titanium Leg Hover Unit Improved Gravmag System Flight Unit Cooled Nuclear Pulse Thruster Utility Large Storage Unit Device Improved Sensor Array Storage Large Storage Unit Processor Core Analyzer Hackware Advanced Hacking Suite Protection Improved Utility Shielding Weapon Flak Gun Energy Gun Spread Laser Ballistic Gun Flak Gun Ballistic Cannon Flak Cannon Launcher Heavy Missile Launcher Impact Weapon Thunder Hammer Slashing Weapon Greatsword Piercing Weapon Spear Build | -11 -10 -10 -9 -9 -8 -7 -7 -7 -7 -7 -7 -6 -6 -5 -5 -5 -5 -4 -4 -3 -2 -2 -2 -1 ------- Run | Jun Mat Min Mat Min Mat Fac Was Fac Low Low Dat Pro Fac Fac Upp Upp Zhi Pro Fac Res Res Tes Sec Acc Slots Evolved 18 | . . . 2 . 2 2 . . . . . . 2 2 . . . . 2 2 2 . . 2 Power 1 | . . . . . . . . . . . . . . . . . . . 1 . . . . . Propulsion 5 | . . . 1 . . 1 . . . . . . . 1 . . . . 1 . 1 . . . Utility 11 | . . . 1 . 1 1 . . . . . . 2 1 . . . . . 2 1 . . 2 Weapon 1 | . . . . . 1 . . . . . . . . . . . . . . . . . . . Parts Attached 218 | . 4 . 4 2 9 41 4 4 7 2 . 1 44 7 4 3 12 5 13 17 9 10 2 14 Power 16 | . . . . . . 1 . . . . . . 4 . 1 . 1 . 4 3 1 . . 1 Engine 3 | . . . . . . . . . . . . . 3 . . . . . . . . . . . Core 3 | . . . . . . 1 . . . . . . . . . . . . 2 . . . . . Reactor 10 | . . . . . . . . . . . . . 1 . 1 . 1 . 2 3 1 . . 1 Propulsion 55 | . 2 . 3 . 3 9 1 2 1 . . 1 12 1 . . 4 . 2 3 4 4 . 3 Treads 2 | . 2 . . . . . . . . . . . . . . . . . . . . . . . Leg 28 | . . . 3 . 3 9 1 2 1 . . 1 8 . . . . . . . . . . . Wheel . | . . . . . . . . . . . . . . . . . . . . . . . . . Hover 6 | . . . . . . . . . . . . . 4 1 . . 1 . . . . . . . Flight 19 | . . . . . . . . . . . . . . . . . 3 . 2 3 4 4 . 3 Utility 91 | . 2 . 1 . 3 20 . 1 4 2 . . 15 2 1 3 6 2 6 10 2 4 2 5 Device 38 | . . . 1 . 2 12 . 1 2 1 . . 4 . 1 1 1 . 3 4 1 2 1 1 Storage 5 | . 1 . . . . 1 . . . . . . 1 . . 1 1 . . . . . . . Processor 19 | . 1 . . . 1 3 . . . . . . 3 2 . . 2 . 2 1 . . . 4 Hackware 8 | . . . . . . . . . . . . . . . . . 1 1 1 3 . 1 1 . Protection 21 | . . . . . . 4 . . 2 1 . . 7 . . 1 1 1 . 2 1 1 . . Artifact . | . . . . . . . . . . . . . . . . . . . . . . . . . Weapon 56 | . . . . 2 3 11 3 1 2 . . . 13 4 2 . 1 3 1 1 2 2 . 5 Energy Gun 11 | . . . . . 2 5 1 . . . . . 3 . . . . . . . . . . . Energy Cannon . | . . . . . . . . . . . . . . . . . . . . . . . . . Ballistic Gun 10 | . . . . . . . . . 2 . . . 8 . . . . . . . . . . . Ballistic Cannon 3 | . . . . . 1 2 . . . . . . . . . . . . . . . . . . Launcher 6 | . . . . . . 1 1 1 . . . . 2 . 1 . . . . . . . . . Special Weapon . | . . . . . . . . . . . . . . . . . . . . . . . . . Impact Weapon 4 | . . . . . . . . . . . . . . 1 . . . . . 1 1 1 . . Slashing Weapon 9 | . . . . 2 . 1 1 . . . . . . . . . 1 2 . . 1 1 . . Piercing Weapon 13 | . . . . . . 2 . . . . . . . 3 1 . . 1 1 . . . . 5 Special Melee Weapon . | . . . . . . . . . . . . . . . . . . . . . . . . . Unidentified Prototypes 17 | . . . . . . . . . . . . . 1 . . . 7 . . 1 1 4 1 2 Corrupted Parts 2 | . . . . 2 . . . . . . . . . . . . . . . . . . . . System Corruption 5 | . . . . 5 . . . . . . . . . . . . . . . . . . . . Parts Lost 26 | . . . . 2 2 2 1 2 . . . 1 2 . . 3 . . . . . 1 4 6 Power 3 | . . . . . 1 . . . . . . . . . . 1 . . . . . . . 1 Propulsion 11 | . . . . . . 1 . 2 . . . 1 1 . . 2 . . . . . . 1 3 Utility 6 | . . . . 1 . . . . . . . . . . . . . . . . . 1 2 2 Weapon 6 | . . . . 1 1 1 1 . . . . . 1 . . . . . . . . . 1 . Highest Loss Streak 6 | . . . . 2 2 2 1 2 . . . 1 1 . . 3 . . . . . 1 4 6 To Critical Strikes 2 | . . . . . 1 . . . . . . 1 . . . . . . . . . . . . Average Slot Usage (%) 90 | . 96 100 86 98 88 96 85 92 98 100 100 99 96 83 92 72 69 71 77 86 85 84 74 17 Engine 2 | . 14 14 11 11 9 . . . . . . . 2 3 . . . . . . . . . . Core 2 | . . . . . . 6 7 7 7 7 7 7 . . . . . . 1 . . . . . Reactor 2 | . . . . . . . . . . . . . 3 . 3 . 1 5 3 8 8 8 7 2 Treads 1 | . 21 28 11 . . . . . . . . . . . . . . . . . . . . . Leg 17 | . 6 . 14 33 27 29 29 30 30 30 30 29 24 . . . . . . . . . . . Hover 2 | . . . . . . . . . . . . . 1 21 23 12 8 . . . . . . . Flight 3 | . . . . . . . . . . . . . . . . . 5 17 21 21 21 21 18 7 Device 7 | . . . 3 9 9 10 7 7 6 6 7 7 4 5 9 8 9 5 9 13 16 17 14 . Storage 5 | . 14 14 11 11 9 7 7 7 7 7 7 7 6 5 5 5 3 . . . . . . . Processor 18 | . 11 14 11 11 9 13 23 23 23 23 23 23 20 31 30 25 24 29 21 12 8 8 6 6 Hackware 1 | . . . . . . . . . . . . . . . . . 2 5 8 15 13 13 16 . Protection 4 | . . . . . . 3 . . . . . . 13 . . 4 1 . . 4 7 5 2 . Energy Gun 4 | . 14 14 11 9 5 16 1 1 . . . . 4 . . . . . . . . . . . Ballistic Gun 6 | . 14 14 11 9 . . . . 12 15 15 15 11 5 . . . . . . . . . . Launcher 1 | . . . . . . . . 5 7 7 7 7 1 . . . . . . . . . . . Slashing Weapon 1 | . . . . 3 14 . 6 7 . . . . . . . . 1 5 5 4 4 4 3 . Piercing Weapon 1 | . . . . . . 1 . . . . . . . 7 16 11 8 . 4 3 . . . . Naked Turns 58 | . . . . . . . . . . . . . . . . . . . . . . . 13 45 Heaviest Build 75 | 13 28 28 31 33 40 56 37 39 61 61 42 42 75 42 47 41 24 20 23 43 48 48 45 18 Greatest Support 88 | 20 40 40 51 51 54 74 68 68 76 76 76 76 88 40 40 40 20 18 31 44 50 51 50 22 Greatest Overweight (x) 5 | . . . 1 . . 1 . . . . . . 1 1 1 1 3 1 . . 1 . . 5 Average Overweight (x) . | . . . . . . . . . . . . . . . . . . . . . . . . . Largest Inventory Capacity 15 | . 15 15 15 15 15 15 15 15 15 15 15 15 15 15 15 15 8 5 5 5 5 5 5 5 Average Capacity 12 | . 12 15 15 15 15 15 15 15 15 15 15 15 15 15 15 8 7 5 5 5 5 5 5 5 Most Carried 15 | . 9 9 11 15 15 15 15 15 15 15 15 15 15 15 15 15 8 5 5 5 5 5 5 5 Average Carried 11 | . 7 9 9 14 14 14 14 14 14 15 15 14 14 14 14 7 6 4 4 4 4 4 5 2 Final Capacity 15 | 8 15 15 15 15 15 15 15 15 15 15 15 15 15 15 15 8 5 5 5 5 5 5 5 5 Final Carried 15 | 6 9 9 11 14 15 15 15 14 15 15 15 14 15 15 15 7 5 5 5 5 5 5 5 2 Class Distribution -------------------- 44% | Mutant 22% | Scavenger-Mutant 11% | Hacker-Sprinter 7% | Scavenger-Gunner 4% | Gunner 3% | Sprinter Dominant Class ---------------- Mutant | -10/Materials Mutant | -10/Mines Mutant | -9/Materials Mutant | -9/Mines Mutant | -8/Materials Mutant | -7/Factory Mutant | -7/Waste Mutant | -7/Factory Scavenger-Mutant | -7/Lower Caves Scavenger-Mutant | -7/Lower Caves Scavenger-Mutant | -7/Data Miner Scavenger-Mutant | -6/Proximity Caves Scavenger-Mutant | -6/Factory Mutant | -5/Factory Mutant | -5/Upper Caves Mutant | -5/Upper Caves Mutant | -5/Zhirov Sprinter | -4/Proximity Caves Hacker-Sprinter | -4/Factory Hacker-Sprinter | -3/Research Hacker-Sprinter | -2/Research Hacker-Sprinter | -2/Testing Wizard-Sprinter | -2/Section 7 Mutant | -1/Access Resources | -11 -10 -10 -9 -9 -8 -7 -7 -7 -7 -7 -7 -6 -6 -5 -5 -5 -5 -4 -4 -3 -2 -2 -2 -1 ----------- Run | Jun Mat Min Mat Min Mat Fac Was Fac Low Low Dat Pro Fac Fac Upp Upp Zhi Pro Fac Res Res Tes Sec Acc Matter Collected 2994 | 200 . 53 46 43 128 540 . 73 196 53 . 51 461 . 241 52 . 243 110 . 167 263 30 44 Remotely . | . . . . . . . . . . . . . . . . . . . . . . . . . Salvage Created 3147 | . . . 17 . 144 702 . 73 165 46 . 39 778 . 146 . . 24 165 . 167 442 122 117 Parts 140 | . . . 3 . 3 32 . 5 10 . . 4 51 . 3 . . 1 7 . . 10 5 6 Haulers Intercepted 1 | . . . . . . . . . . . . . . . . . . . 1 . . . . . Recyclers Shooed 1 | . . . . . . . . . . . . . 1 . . . . . . . . . . . Parts Field Recycled . | . . . . . . . . . . . . . . . . . . . . . . . . . Retrieved Matter . | . . . . . . . . . . . . . . . . . . . . . . . . . Parts Self-Destructed 15 | . . . . . . . . . 7 . . 3 . . 1 3 . 1 . . . . . . Prevented . | . . . . . . . . . . . . . . . . . . . . . . . . . Kills | -11 -10 -10 -9 -9 -8 -7 -7 -7 -7 -7 -7 -6 -6 -5 -5 -5 -5 -4 -4 -3 -2 -2 -2 -1 ------- Run | Jun Mat Min Mat Min Mat Fac Was Fac Low Low Dat Pro Fac Fac Upp Upp Zhi Pro Fac Res Res Tes Sec Acc Combat Hostiles Destroyed 60 | . . . 1 2 4 17 . 1 6 2 . 3 14 . 4 . . 2 . . . 2 1 1 Melee 9 | . . . . 2 . . . 1 1 . . . . . . . . 2 . . . 1 1 1 Guns 27 | . . . 1 . . 10 . . 1 1 . . 14 . . . . . . . . . . . Cannons 7 | . . . . . 4 3 . . . . . . . . . . . . . . . . . . AOE 16 | . . . . . . 4 . . 4 1 . 3 . . 4 . . . . . . . . . Classes Destroyed 17 | . . . 1 1 2 6 . . 1 . . . 1 . 2 . . 1 1 . . 1 . . Worker 4 | . . . . . . 2 . . . . . . 1 . . . . . . . . 1 . . Builder 3 | . . . . . . 1 . . . . . . 1 . . . . . . . 1 . . . Hauler 1 | . . . . . . . . . . . . . . . . . . . 1 . . . . . Recycler 2 | . . . . . . 1 . . . . . . . . . . . . . . 1 . . . Minesweeper 1 | . . . . . . . . . . . . . . . 1 . . . . . . . . . Mechanic 1 | . . . . . . . . . . . . . 1 . . . . . . . . . . . Drone 2 | . . . . . . . . . . . . . . . . . . 2 . . . . . . Watcher 8 | . . . . . . 1 . . . . . . 1 . . . . . 2 . 1 2 . 1 Swarmer 16 | . . . 1 . . 4 . . 4 . . 3 4 . . . . . . . . . . . Grunt 19 | . . . . . 3 7 . . . 2 . . 4 . 3 . . . . . . . . . Brawler 1 | . . . . . . . . . . . . . . . 1 . . . . . . . . . Duelist 1 | . . . . . . 1 . . . . . . . . . . . . . . . . . . Researcher 3 | . . . . . . . . . . . . . . . . . . . . . . 2 1 . Sentry 8 | . . . . . 1 1 . 1 1 . . . 4 . . . . . . . . . . . Demolisher 2 | . . . . 2 . . . . . . . . . . . . . . . . . . . . Hunter 1 | . . . . . . . . . 1 . . . . . . . . . . . . . . . Programmer 8 | . . . . . . 4 . . . . . . 2 . . . . . . . . 1 1 . Tracker 1 | . . . . . . . . . . . . . . . . . . . . . . . . 1 Protovariant H 1 | . . . . . . . . . . . . . . . . . . . . . . 1 . . Best Kill Streak 7 | . . . 1 2 3 7 . 1 4 2 . 3 4 . 4 . . 2 1 . 3 3 1 1 Combat Bots Only 4 | . . . 1 2 3 4 . 1 4 2 . 3 4 . 4 . . 2 . . . 1 1 1 Max Kills in Single Turn 4 | . . . 1 1 1 4 . 1 4 1 . 3 2 . 2 . . 1 1 . 1 1 1 1 Gunslinging 1 | . . . . . . . . . . . . . 1 . . . . . . . . . . . Exploded 4 | . . . . . . 4 . . 4 1 . 3 . . 2 . . . . . . . . . Melee 1 | . . . . 1 . . . 1 1 . . . . . . . . 1 . . . 1 1 1 Uniques/NPCs Destroyed . | . . . . . . . . . . . . . . . . . . . . . . . . . Combat | -11 -10 -10 -9 -9 -8 -7 -7 -7 -7 -7 -7 -6 -6 -5 -5 -5 -5 -4 -4 -3 -2 -2 -2 -1 -------- Run | Jun Mat Min Mat Min Mat Fac Was Fac Low Low Dat Pro Fac Fac Upp Upp Zhi Pro Fac Res Res Tes Sec Acc Damage Taken 8847 | . . 23 95 365 330 958 30 421 154 64 . 52 1317 . 29 422 . 63 21 . 301 314 1777 2111 Core 3786 | . . . 15 121 . 113 . 85 17 13 . . 167 . 29 147 . . . . 44 41 1356 1638 Absorbed by Shields . | . . . . . . . . . . . . . . . . . . . . . . . . . Redirected to Shielding 233 | . . . . . . 29 . . . . . . 4 . . . . . . . 133 43 24 . Ignored by Resistances 141 | . . . . . . . . . 46 . . . 68 . 10 17 . . . . . . . . Regen/Repaired (Parts) 263 | . . . . . . 83 . . . . . . 152 28 . . . . . . . . . . Core Remaining (%) 78 | 100 . 100 . 66 100 . . . . . . 67 80 . . . . 74 100 100 . . . . Volleys Fired 113 | . 6 2 2 1 14 34 1 1 4 4 . 1 40 . 3 . . . . . . . . . Largest 3 | . 2 2 2 1 2 3 2 1 2 2 . 1 3 . 1 . . . . . . . . . Hottest 190 | . 60 60 60 20 140 190 108 39 56 56 . 39 145 . 43 . . . . . . . . . Shots Fired 232 | . 12 4 4 1 15 84 2 1 8 6 . 1 91 . 3 . . . . . . . . . Gun 193 | . 12 4 4 1 2 67 1 . 7 4 . . 91 . . . . . . . . . . . Cannon 29 | . . . . . 13 16 . . . . . . . . . . . . . . . . . . Launcher 10 | . . . . . . 1 1 1 1 2 . 1 . . 3 . . . . . . . . . Special . | . . . . . . . . . . . . . . . . . . . . . . . . . Kinetic 107 | . 6 2 2 1 13 16 . . 7 4 . . 56 . . . . . . . . . . . Thermal 87 | . . . . . 2 66 1 . . . . . 18 . . . . . . . . . . . Explosive 10 | . . . . . . 1 1 1 1 2 . 1 . . 3 . . . . . . . . . Electromagnetic 28 | . 6 2 2 . . 1 . . . . . . 17 . . . . . . . . . . . Robot Hit Streak 13 | . 2 . 1 . 9 13 4 . 4 5 . . 13 . 7 . . . . . . . . . Robot Miss Streak 6 | . 5 4 5 3 6 3 . . 3 2 . . 4 . . . . . . . . . . . Penetration Max 1 | . . . . . . . . . . . . . 1 . . . . . . . . . . . Secondary Targets 2 | . . . . . . . . . . . . . 2 . . . . . . . . . . . Max Gunslinging Chain 1 | . . . . . . . . . . . . . 1 . . . . . . . . . . . Shots Hit Robots 211 | . 4 . 1 3 15 68 2 2 6 4 . . 66 1 5 . . 2 6 . 3 15 4 4 Core Hits 226 | . 2 . 1 2 18 91 . 1 14 8 . 3 65 . 11 . . 1 3 . . 1 1 4 Critical Kills . | . . . . . . . . . . . . . . . . . . . . . . . . . Critical Parts Destroyed 5 | . . . . . . . . . . . . . . . . . . . . . 2 3 . . Critical Strikes 8 | . . . . . . 1 . 1 . . . . 1 . . . . . . . 2 3 . . Burn 2 | . . . . . . 1 . . . . . . 1 . . . . . . . . . . . Smash 5 | . . . . . . . . . . . . . . . . . . . . . 2 3 . . Sever 1 | . . . . . . . . 1 . . . . . . . . . . . . . . . . Melee Attacks 104 | . . . . 4 . 4 . 3 1 . . . . 2 4 . . 12 13 4 13 31 7 6 Impact 39 | . . . . . . . . . . . . . . 1 . . . . . . 12 23 3 . Slashing 39 | . . . . 4 . . . 3 1 . . . . . . . . 12 3 3 1 8 4 . Piercing 26 | . . . . . . 4 . . . . . . . 1 4 . . . 10 1 . . . 6 Sneak Attacks 12 | . . . . . . . . . . . . . . 1 2 . . . 1 . 2 5 1 . Combat Hostiles 1 | . . . . . . . . . . . . . . . . . . . . . . 1 . . Follow-up Attacks 2 | . . . . 1 . . . . . . . . . . . . . . 1 . . . . . Damage Inflicted 8447 | . 47 . 10 135 277 1739 115 106 362 237 . 263 1616 48 694 . . 114 288 . 318 1486 412 180 Guns 2826 | . 47 . 10 8 23 1114 19 . 57 50 . . 1498 . . . . . . . . . . . Cannons 645 | . . . . . 254 391 . . . . . . . . . . . . . . . . . . Explosions 1731 | . . . . . . 234 96 . 256 187 . 263 118 . 577 . . . . . . . . . Melee 3241 | . . . . 127 . . . 106 49 . . . . 48 117 . . 114 288 . 318 1486 412 176 Ramming 4 | . . . . . . . . . . . . . . . . . . . . . . . . 4 Kinetic 1852 | . 23 . 10 8 254 391 . . 57 50 . . 1059 . . . . . . . . . . . Thermal 1426 | . . . . . 23 1086 19 . . . . . 298 . . . . . . . . . . . Explosive 1613 | . . . . . . 234 96 . 256 187 . 263 . . 577 . . . . . . . . . Electromagnetic 311 | . 24 . . . . 28 . . . . . . 259 . . . . . . . . . . . Impact 1995 | . . . . . . . . . . . . . . . . . . . . . 318 1486 191 . Slashing 716 | . . . . 127 . . . 106 49 . . . . . . . . 114 99 . . . 221 . Piercing 530 | . . . . . . . . . . . . . . 48 117 . . . 189 . . . . 176 Highest Corruption 5 | . 3 3 . 5 . 2 2 2 2 2 2 2 1 . . . . . . 2 2 2 4 4 Average Corruption 1 | . 2 3 . 4 . 1 2 2 2 2 2 2 1 . . . . . . 2 2 2 2 2 Corruption Purged . | . . . . . . . . . . . . . . . . . . . . . . . . . Corruption Blocked 41 | . . . . . . . . . . . . . . . . . . . . . . 21 20 . Effects 72 | . 10 5 . 1 . 10 . 2 11 8 2 7 11 . . . . . . . 2 2 1 . Message Errors 23 | . 3 . . . . 4 . 1 3 3 1 2 4 . . . . . . . . 1 1 . Matter Fused 14 | . 1 3 . . . 3 . 1 2 1 . 1 1 . . . . . . . . 1 . . Heat Flow Errors 10 | . 1 . . . . . . . 2 2 . 1 3 . . . . . . . 1 . . . Energy Discharges 10 | . 2 2 . . . 2 . . . . . 2 1 . . . . . . . 1 . . . Parts Fused 1 | . . . . . . 1 . . . . . . . . . . . . . . . . . . Data Loss (minor) 6 | . 1 . . 1 . . . . 1 1 1 1 . . . . . . . . . . . . Data Loss (major) 2 | . 1 . . . . . . . 1 . . . . . . . . . . . . . . . Misfires 3 | . . . . . . . . . 1 . . . 2 . . . . . . . . . . . Alerts 3 | . 1 . . . . . . . 1 1 . . . . . . . . . . . . . . Overload Shots . | . . . . . . . . . . . . . . . . . . . . . . . . . Overflow Damage 1159 | . . . . . . 13 . . . . . 6 52 8 28 . . 27 22 . 294 598 111 . Projectiles . | . . . . . . . . . . . . . . . . . . . . . . . . . Explosions 71 | . . . . . . 13 . . . . . 6 52 . . . . . . . . . . . Melee 1088 | . . . . . . . . . . . . . . 8 28 . . 27 22 . 294 598 111 . Knockbacks 29 | . . . . . 7 7 . . . . . . . . . . . . . . 3 11 1 . Impact 15 | . . . . . . . . . . . . . . . . . . . . . 3 11 1 . Kinetic 10 | . . . . . 5 5 . . . . . . . . . . . . . . . . . . Secondary 4 | . . . . . 2 2 . . . . . . . . . . . . . . . . . . Self-Inflicted Damage 215 | . . . . . . . . . . . . 18 195 . . . . . . . . . . 2 Shots 3 | . . . . . . . . . . . . 1 2 . . . . . . . . . . . Rammed 1 | . . . . . . . . . . . . . . . . . . . . . . . . 1 Targets Rammed 1 | . . . . . . . . . . . . . . . . . . . . . . . . 1 Kicked . | . . . . . . . . . . . . . . . . . . . . . . . . . Crushed . | . . . . . . . . . . . . . . . . . . . . . . . . . Highest Temperature 415 | . 117 20 28 . 18 406 . . 200 225 . 203 415 . 3 . . . . . 77 . . . Average Temperature 109 | . 32 12 15 . 9 118 . . 112 74 . 107 123 . 3 . . . . . 45 . . . Received Heat Transfer 1137 | . . . 18 . 153 180 . 78 24 36 . . 381 . 18 30 . 21 . . 27 9 126 36 Effects 2 | . . . . . . . . . . . . . 2 . . . . . . . . . . . Shutdowns 1 | . . . . . . . . . . . . . 1 . . . . . . . . . . . Energy Bleed 1 | . . . . . . . . . . . . . 1 . . . . . . . . . . . Siege Activations . | . . . . . . . . . . . . . . . . . . . . . . . . . Robots Corrupted . | . . . . . . . . . . . . . . . . . . . . . . . . . Combat Hostiles . | . . . . . . . . . . . . . . . . . . . . . . . . . Parts Fried 19 | . . . . . . . . . . . . . 3 . . . . . . . 6 10 . . Impact Corruptions 27 | . . . . . . . . . . . . . . . . . . . . . 8 17 2 . Robots Melted . | . . . . . . . . . . . . . . . . . . . . . . . . . Combat Hostiles . | . . . . . . . . . . . . . . . . . . . . . . . . . Parts Melted 6 | . . . . . . 3 . . . . . . 3 . . . . . . . . . . . Heat Transferred 2396 | . . . . . 42 1617 37 . . . . . 700 . . . . . . . . . . . Parts Sabotaged . | . . . . . . . . . . . . . . . . . . . . . . . . . Parts Stolen . | . . . . . . . . . . . . . . . . . . . . . . . . . Parts Stripped . | . . . . . . . . . . . . . . . . . . . . . . . . . Power Chain Reactions . | . . . . . . . . . . . . . . . . . . . . . . . . . Missiles Intercepted . | . . . . . . . . . . . . . . . . . . . . . . . . . Alert | -11 -10 -10 -9 -9 -8 -7 -7 -7 -7 -7 -7 -6 -6 -5 -5 -5 -5 -4 -4 -3 -2 -2 -2 -1 ------- Run | Jun Mat Min Mat Min Mat Fac Was Fac Low Low Dat Pro Fac Fac Upp Upp Zhi Pro Fac Res Res Tes Sec Acc Peak Influence 705 | . 39 86 106 50 134 402 112 133 . . . . 432 194 . . . . 470 29 344 705 563 515 Initial 396 | . . 5 33 40 19 . 101 71 . . . . . 144 . . . . 391 . 15 193 396 322 Average 128 | . 14 61 63 39 81 84 103 82 . . . . 135 165 . . . . 207 21 128 437 481 374 Maximum Alert Level 3 | . . . . . . 2 . . . . . . 2 . . . . . 2 . 1 3 2 2 Low Security (%) 77 | . 100 100 100 100 100 75 100 100 . . . . 78 100 . . . . 56 100 76 . . . Level 1 15 | . . . . . . 22 . . . . . . 17 . . . . . 12 . 23 54 16 77 Level 2 6 | . . . . . . 1 . . . . . . 3 . . . . . 31 . . 43 83 22 Level 3 . | . . . . . . . . . . . . . . . . . . . . . . 1 . . Level 4 . | . . . . . . . . . . . . . . . . . . . . . . . . . Level 5 . | . . . . . . . . . . . . . . . . . . . . . . . . . High Security . | . . . . . . . . . . . . . . . . . . . . . . . . . Max Security . | . . . . . . . . . . . . . . . . . . . . . . . . . Squads Dispatched 23 | . . . . . . 4 . . . . . . 6 . . 1 . . 2 . 1 3 3 3 Investigation 6 | . . . . . . 1 . . . . . . 1 . . . . . 2 . 1 1 . . Extermination 6 | . . . . . . 3 . . . . . . 2 . . . . . . . . 1 . . Reinforcement 5 | . . . . . . . . . . . . . 1 . . . . . . . . 1 3 . Assault 2 | . . . . . . . . . . . . . 1 . . 1 . . . . . . . . Garrison 1 | . . . . . . . . . . . . . 1 . . . . . . . . . . . Intercept 3 | . . . . . . . . . . . . . . . . . . . . . . . . 3 Searches Triggered . | . . . . . . . . . . . . . . . . . . . . . . . . . Data Miner Redirects 2 | . . . . . . . . . . . . . 1 . . . . . 1 . . . . . Construction Impeded . | . . . . . . . . . . . . . . . . . . . . . . . . . Haulers Reinforced . | . . . . . . . . . . . . . . . . . . . . . . . . . Active Scanning Responses . | . . . . . . . . . . . . . . . . . . . . . . . . . Cargo Convoy Interrupts . | . . . . . . . . . . . . . . . . . . . . . . . . . Stealth | -11 -10 -10 -9 -9 -8 -7 -7 -7 -7 -7 -7 -6 -6 -5 -5 -5 -5 -4 -4 -3 -2 -2 -2 -1 --------- Run | Jun Mat Min Mat Min Mat Fac Was Fac Low Low Dat Pro Fac Fac Upp Upp Zhi Pro Fac Res Res Tes Sec Acc Distress Signals 8 | . 1 . . . . 1 . . . . . . 2 1 . . . . . . 1 . 2 . Communications Jammed 8 | . . . . . . . . . . . . . . . . . . . . . . . 8 . Distress Signals 7 | . . . . . . . . . . . . . . . . . . . . . . . 7 . Times Spotted 200 | . 6 3 6 2 7 23 5 4 4 2 . 4 25 2 4 9 . 9 9 . 16 17 22 21 Peak Tracking Total 18 | . 2 1 3 2 3 5 5 3 1 2 . 4 4 3 4 7 . 5 6 . 10 8 18 17 Tactical Retreats 22 | . . . . . . . . . . . . . 2 . . 7 . 3 1 . 4 3 . 2 Traps | -11 -10 -10 -9 -9 -8 -7 -7 -7 -7 -7 -7 -6 -6 -5 -5 -5 -5 -4 -4 -3 -2 -2 -2 -1 ------- Run | Jun Mat Min Mat Min Mat Fac Was Fac Low Low Dat Pro Fac Fac Upp Upp Zhi Pro Fac Res Res Tes Sec Acc Traps Triggered 13 | . 2 . . . . 3 . . . . . . 1 . . . . . 2 1 3 1 . . Indirectly . | . . . . . . . . . . . . . . . . . . . . . . . . . Trap Hack Attempts . | . . . . . . . . . . . . . . . . . . . . . . . . . Triggered . | . . . . . . . . . . . . . . . . . . . . . . . . . Disarmed 1 | . 1 . . . . . . . . . . . . . . . . . . . . . . . Reprogrammed . | . . . . . . . . . . . . . . . . . . . . . . . . . Reused . | . . . . . . . . . . . . . . . . . . . . . . . . . Traps Extracted . | . . . . . . . . . . . . . . . . . . . . . . . . . Installed . | . . . . . . . . . . . . . . . . . . . . . . . . . Triggered . | . . . . . . . . . . . . . . . . . . . . . . . . . Machines | -11 -10 -10 -9 -9 -8 -7 -7 -7 -7 -7 -7 -6 -6 -5 -5 -5 -5 -4 -4 -3 -2 -2 -2 -1 ---------- Run | Jun Mat Min Mat Min Mat Fac Was Fac Low Low Dat Pro Fac Fac Upp Upp Zhi Pro Fac Res Res Tes Sec Acc Machines Disabled 11 | . . . . . . . . . . . . . 5 . . . . . . . . 5 1 . Max in Single Turn 3 | . . . . . . . . . . . . . 3 . . . . . . . . 1 1 . Garrison Access 4 | . . . . . 1 . . . . . . . 1 . . . . . 1 . 1 . . . Machines Repaired . | . . . . . . . . . . . . . . . . . . . . . . . . . Machines Sabotaged . | . . . . . . . . . . . . . . . . . . . . . . . . . Overloaded Fab Kills . | . . . . . . . . . . . . . . . . . . . . . . . . . Hacking | -11 -10 -10 -9 -9 -8 -7 -7 -7 -7 -7 -7 -6 -6 -5 -5 -5 -5 -4 -4 -3 -2 -2 -2 -1 --------- Run | Jun Mat Min Mat Min Mat Fac Was Fac Low Low Dat Pro Fac Fac Upp Upp Zhi Pro Fac Res Res Tes Sec Acc Machines Accessed 66 | . 4 1 1 1 3 4 . 3 . 1 4 . 14 3 1 . 4 . 11 2 3 4 1 1 Terminals 31 | . 4 . 1 . 1 2 . 1 . 1 . . 5 2 . . . . 5 2 1 4 1 1 Fabricators 7 | . . . . . . . . . . . . . 3 . . . . . 4 . . . . . Repair Stations 4 | . . . . . . 1 . . . . . . 2 1 . . . . . . . . . . Recycling Units 6 | . . . . . 1 . . 1 . . . . 2 . . . . . 1 . 1 . . . Scanalyzers 2 | . . . . . . 1 . . . . . . 1 . . . . . . . . . . . Garrison Access 5 | . . . . . 1 . . 1 . . . . 1 . . . . . 1 . 1 . . . Total Hacks 184 | . 18 1 4 1 4 11 . 3 . 2 31 . 22 8 1 . 17 . 36 7 7 8 2 1 Successful 120 | . 7 1 2 1 2 6 . 1 . 2 31 . 11 5 1 . 17 . 22 4 4 1 2 . Failed 64 | . 11 . 2 . 2 5 . 2 . . . . 11 3 . . . . 14 3 3 7 . 1 Catastrophic 11 | . 1 . . . . . . 2 . . . . 4 . . . . . . . 1 3 . . Database Lockouts . | . . . . . . . . . . . . . . . . . . . . . . . . . Manual 61 | . 16 . 2 . 1 4 . 1 . . . . 5 . . . . . 16 6 2 7 . 1 Terminals 91 | . 18 . 4 . 2 5 . 1 . 2 . . 8 5 . . . . 24 7 4 8 2 1 Fabricators 12 | . . . . . . . . . . . . . 4 . . . . . 8 . . . . . Repair Stations 11 | . . . . . . 3 . . . . . . 5 3 . . . . . . . . . . Recycling Units 6 | . . . . . 1 . . 1 . . . . 2 . . . . . 1 . 1 . . . Scanalyzers 4 | . . . . . . 3 . . . . . . 1 . . . . . . . . . . . Garrison Access 9 | . . . . . 1 . . 1 . . . . 2 . . . . . 3 . 2 . . . Terminal Hacks 84 | . 3 1 1 1 . 2 . . . 2 31 . 4 3 1 . 17 . 12 1 2 1 2 . Record 20 | . . . . . . . . . . 2 11 . . 1 . . 5 . . 1 . . . . Part Schematic 15 | . . . . . . . . . . . 10 . . . . . 4 . 1 . . . . . Robot Schematic 7 | . . . . . . . . . . . 7 . . . . . . . . . . . . . Robot Analysis 6 | . 1 . . . . 1 . . . . . . . . . . 4 . . . . . . . Prototype ID Bank 7 | . . . . . . . . . . . 3 . . . . . 4 . . . . . . . Open Door 3 | . . 1 . 1 . . . . . . . . . . 1 . . . . . . . . . Level Access Points 2 | . . . . . . . . . . . . . . . . . . . 1 . . . 1 . Branch Access Points 2 | . . . . . . . . . . . . . . . . . . . 1 . . 1 . . Alert Level 4 | . . . . . . . . . . . . . 1 1 . . . . 1 . 1 . . . Unreport Threat 4 | . . . . . . . . . . . . . 1 . . . . . 3 . . . . . Locate Traps 7 | . . . 1 . . 1 . . . . . . 2 . . . . . 2 . . . 1 . Disarm Traps 1 | . 1 . . . . . . . . . . . . . . . . . . . . . . . Registered Components 1 | . . . . . . . . . . . . . . . . . . . 1 . . . . . Zone Layout 5 | . 1 . . . . . . . . . . . . 1 . . . . 2 . 1 . . . Fabricator Hacks 6 | . . . . . . . . . . . . . 2 . . . . . 4 . . . . . Load Schematic 3 | . . . . . . . . . . . . . 1 . . . . . 2 . . . . . Build 3 | . . . . . . . . . . . . . 1 . . . . . 2 . . . . . Repair Station Hacks 8 | . . . . . . 2 . . . . . . 4 2 . . . . . . . . . . Scan Component 4 | . . . . . . 1 . . . . . . 2 1 . . . . . . . . . . Repair 4 | . . . . . . 1 . . . . . . 2 1 . . . . . . . . . . Recycling Unit Hacks 5 | . . . . . 1 . . 1 . . . . 1 . . . . . 1 . 1 . . . Report Inventory 3 | . . . . . 1 . . 1 . . . . 1 . . . . . . . . . . . Retrieve Components 2 | . . . . . . . . . . . . . . . . . . . 1 . 1 . . . Scanalyzer 2 | . . . . . . 2 . . . . . . . . . . . . . . . . . . Insert Component 1 | . . . . . . 1 . . . . . . . . . . . . . . . . . . Analyze 1 | . . . . . . 1 . . . . . . . . . . . . . . . . . . Garrison Access Hacks 3 | . . . . . 1 . . . . . . . . . . . . . 1 . 1 . . . Seal Access 3 | . . . . . 1 . . . . . . . . . . . . . 1 . 1 . . . Unauthorized Hacks 12 | . 4 . 1 . . . . . . . . . . . . . . . 4 3 . . . . Terminals 11 | . 4 . 1 . . . . . . . . . . . . . . . 3 3 . . . . Track 1 | . . . . . . . . . . . . . . . . . . . . 1 . . . . Botnet 9 | . 4 . 1 . . . . . . . . . . . . . . . 3 1 . . . . Operators 1 | . . . . . . . . . . . . . . . . . . . . 1 . . . . Fabricators 1 | . . . . . . . . . . . . . . . . . . . 1 . . . . . Fabnet 1 | . . . . . . . . . . . . . . . . . . . 1 . . . . . Repair Stations . | . . . . . . . . . . . . . . . . . . . . . . . . . Recycling Units . | . . . . . . . . . . . . . . . . . . . . . . . . . Scanalyzers . | . . . . . . . . . . . . . . . . . . . . . . . . . Garrison Access . | . . . . . . . . . . . . . . . . . . . . . . . . . Data Cores Recovered . | . . . . . . . . . . . . . . . . . . . . . . . . . Used . | . . . . . . . . . . . . . . . . . . . . . . . . . Hacking Detections 44 | . 4 . 1 . 1 3 . 2 . . . . 11 2 . . . . 9 2 3 4 1 1 Full Trace Events 6 | . . . . . . 1 . . . . . . 1 . . . . . 2 . 1 1 . . Feedback Events . | . . . . . . . . . . . . . . . . . . . . . . . . . Feedback Blocked . | . . . . . . . . . . . . . . . . . . . . . . . . . Robot Schematics Acquired 12 | . . . . . . . . . . . 7 . . . . . . . . . . 4 1 . Robots Built . | . . . . . . . . . . . . . . . . . . . . . . . . . Authchips . | . . . . . . . . . . . . . . . . . . . . . . . . . Time . | . . . . . . . . . . . . . . . . . . . . . . . . . Total Robot Build Rating . | . . . . . . . . . . . . . . . . . . . . . . . . . Part Schematics Acquired 22 | . . . . . . 1 . . . . 10 . . . . . 4 . 1 . . 3 3 . Parts Built 3 | . . . . . . . . . . . . . 1 . . . . . 2 . . . . . Authchips . | . . . . . . . . . . . . . . . . . . . . . . . . . Time 491 | . . . . . . . . . . . . . 152 . . . . . 339 . . . . . Total Part Build Rating 17 | . . . . . . . . . . . . . 5 . . . . . 12 . . . . . Parts Repaired 4 | . . . . . . 1 . . . . . . 2 1 . . . . . . . . . . Time 182 | . . . . . . 44 . . . . . . 88 50 . . . . . . . . . . Parts Recycled . | . . . . . . . . . . . . . . . . . . . . . . . . . Recycled Matter . | . . . . . . . . . . . . . . . . . . . . . . . . . Retrieved Matter . | . . . . . . . . . . . . . . . . . . . . . . . . . Retrieved Components 3 | . . . . . . . . . . . . . . . . . . . 2 . 1 . . . Parts Scanalyzed 1 | . . . . . . 1 . . . . . . . . . . . . . . . . . . Part Schematics Acquired 1 | . . . . . . 1 . . . . . . . . . . . . . . . . . . Parts Damaged . | . . . . . . . . . . . . . . . . . . . . . . . . . Bothacking | -11 -10 -10 -9 -9 -8 -7 -7 -7 -7 -7 -7 -6 -6 -5 -5 -5 -5 -4 -4 -3 -2 -2 -2 -1 ------------ Run | Jun Mat Min Mat Min Mat Fac Was Fac Low Low Dat Pro Fac Fac Upp Upp Zhi Pro Fac Res Res Tes Sec Acc Used RIF Installer . | . . . . . . . . . . . . . . . . . . . . . . . . . Robots Hacked 1 | . . . . . . . . . . . . . . . . . . . . . . 1 . . Non-combat . | . . . . . . . . . . . . . . . . . . . . . . . . . Combat 1 | . . . . . . . . . . . . . . . . . . . . . . 1 . . Robot Hacks Applied . | . . . . . . . . . . . . . . . . . . . . . . . . . Relay Couplers Released 1 | . . . . . . . . . . . . . 1 . . . . . . . . . . . Machine Destruction 1 | . . . . . . . . . . . . . 1 . . . . . . . . . . . Fabnet Peak Effective % 3 | . . . . . . . . . . . . . . . . . . . . 3 1 1 1 . Autooverrided 1 | . . . . . . . . . . . . . . . . . . . . . . 1 . . Robots Rewired . | . . . . . . . . . . . . . . . . . . . . . . . . . Allies Hacked . | . . . . . . . . . . . . . . . . . . . . . . . . . Hacks Repelled . | . . . . . . . . . . . . . . . . . . . . . . . . . Allies | -11 -10 -10 -9 -9 -8 -7 -7 -7 -7 -7 -7 -6 -6 -5 -5 -5 -5 -4 -4 -3 -2 -2 -2 -1 -------- Run | Jun Mat Min Mat Min Mat Fac Was Fac Low Low Dat Pro Fac Fac Upp Upp Zhi Pro Fac Res Res Tes Sec Acc Total Allies 5 | . . 3 . . . . . . . . . 1 . . . . . . . . . 1 . . Largest Group 3 | . . 3 3 3 . . . . . . . 1 1 . . . . . . . . . . . Highest-Rated Group 96 | . . 40 40 40 . . . . . . . 96 96 . . . . . . . . . . . Highest-Rated Ally 96 | . . 16 16 16 . . . . . . . 96 96 . . . . . . . . . . . Total Orders . | . . . . . . . . . . . . . . . . . . . . . . . . . Ally Attacks 34 | . . 4 12 4 . . . . . . . 2 12 . . . . . . . . . . . Total Damage 579 | . . 38 53 31 . . . . . . . 50 407 . . . . . . . . . . . Kills 10 | . . 3 1 . . . . . . . . 1 5 . . . . . . . . . . . Allies Corrupted . | . . . . . . . . . . . . . . . . . . . . . . . . . Allies Melted . | . . . . . . . . . . . . . . . . . . . . . . . . . Intel | -11 -10 -10 -9 -9 -8 -7 -7 -7 -7 -7 -7 -6 -6 -5 -5 -5 -5 -4 -4 -3 -2 -2 -2 -1 ------- Run | Jun Mat Min Mat Min Mat Fac Was Fac Low Low Dat Pro Fac Fac Upp Upp Zhi Pro Fac Res Res Tes Sec Acc Robot Analysis Total 6 | . 1 . . . . 1 . . . . . . . . . . 4 . . . . . . . Derelict Logs Recovered 7 | . . . . . . . . . 1 1 . 3 . . . 1 . 1 . . . . . . Drone Launches . | . . . . . . . . . . . . . . . . . . . . . . . . . Drone Recoveries . | . . . . . . . . . . . . . . . . . . . . . . . . . Exploration | -11 -10 -10 -9 -9 -8 -7 -7 -7 -7 -7 -7 -6 -6 -5 -5 -5 -5 -4 -4 -3 -2 -2 -2 -1 ------------- Run | Jun Mat Min Mat Min Mat Fac Was Fac Low Low Dat Pro Fac Fac Upp Upp Zhi Pro Fac Res Res Tes Sec Acc Turns Passed 10457 | . 442 323 139 224 418 1277 164 220 589 498 95 566 2323 246 487 298 155 326 482 306 323 262 81 213 Spaces Moved 10623 | 1 279 199 87 154 269 723 134 177 432 383 77 450 1325 272 424 389 166 648 950 848 808 821 186 421 Core 149 | . . . . . . . . . . . . . . . . . . . . . . . 19 130 Treads 432 | . 193 199 40 . . . . . . . . . . . . . . . . . . . . . Legs 4107 | 1 86 . 47 154 269 723 134 177 432 383 77 450 1174 . . . . . . . . . . . Wheels . | . . . . . . . . . . . . . . . . . . . . . . . . . Hover 1323 | . . . . . . . . . . . . . 151 272 424 389 87 . . . . . . . Flight 4612 | . . . . . . . . . . . . . . . . . 79 648 950 848 808 821 167 291 Fastest Speed 23 | 120 120 160 130 130 120 103 115 115 115 125 125 125 48 48 48 52 29 29 25 25 23 23 24 34 Average Speed 74 | 120 147 160 144 130 121 116 115 115 122 125 125 125 116 54 86 59 45 30 27 28 24 23 26 40 Slowest Speed 300 | 120 160 160 200 130 130 190 115 115 125 125 125 126 125 98 98 98 245 99 29 32 106 27 50 300 Overloaded Moves . | . . . . . . . . . . . . . . . . . . . . . . . . . Propulsion Burnouts . | . . . . . . . . . . . . . . . . . . . . . . . . . Robots Hopped 4 | . . . . . . . . . . . . . . . . . . . . . . . . 4 Cave-ins Triggered . | . . . . . . . . . . . . . . . . . . . . . . . . . Teleports 1 | . . . . . . . . . . . . . . . . . 1 . . . . . . . Exploration Rate (%) 40 | 2 42 65 12 33 24 18 78 6 55 62 68 67 28 5 68 61 62 73 28 22 22 81 15 10 Regions Visited 24 Branch Regions 12 Pre-discovered Areas 6 | . . 1 . . . . . . . . 1 1 . . . . 3 . . . . . . . Known Exits Taken 16 | . . . . . . . . 1 1 1 1 1 1 1 1 1 1 1 1 1 1 1 1 . Unknown Exits Taken 6 | 1 1 1 1 1 1 . . . . . . . . . . . . . . . . . . . Scrap Searched 21 | . . . . . . . . . 7 4 . 3 . . 3 2 . 2 . . . . . . Spaces Dug 50 | . . . . . . 4 . 12 . . . . . 1 . . . 10 3 3 7 6 2 2 Terrain Destroyed 163 | . . . . . . 12 12 12 8 25 . 17 19 1 24 . . 10 3 3 7 6 2 2 Melee 38 | . . . . . . 4 . . . . . . . 1 . . . 10 3 3 7 6 2 2 Projectile 3 | . . . . . . . . . . . . . 3 . . . . . . . . . . . AOE 122 | . . . . . . 8 12 12 8 25 . 17 16 . 24 . . . . . . . . . Terrain Rammed . | . . . . . . . . . . . . . . . . . . . . . . . . . Walls Destroyed . | . . . . . . . . . . . . . . . . . . . . . . . . . Machines Disabled . | . . . . . . . . . . . . . . . . . . . . . . . . . Actions | -11 -10 -10 -9 -9 -8 -7 -7 -7 -7 -7 -7 -6 -6 -5 -5 -5 -5 -4 -4 -3 -2 -2 -2 -1 --------- Run | Jun Mat Min Mat Min Mat Fac Was Fac Low Low Dat Pro Fac Fac Upp Upp Zhi Pro Fac Res Res Tes Sec Acc Total 12826 | . 300 200 96 173 353 1082 141 185 486 395 76 453 2030 365 533 456 245 753 1145 910 921 870 209 449 Wait 1500 | . . . . 4 37 234 . . 32 7 . . 573 81 98 58 51 85 159 26 49 . . 6 Move 10592 | . 278 198 86 153 268 723 133 176 431 382 76 449 1324 271 423 388 165 647 949 847 807 820 185 413 Hop 4 | . . . . . . . . . . . . . . . . . . . . . . . . 4 Pick Up 74 | . 5 . 1 7 10 16 1 1 6 . . 1 11 . 1 3 2 . 2 2 1 4 . . Fast Attach 104 | . 3 . 4 . 5 10 2 . . . . . 9 6 1 2 12 4 11 11 5 10 3 6 Attach 41 | . . . . 1 . 6 2 2 2 . . 1 8 1 1 1 2 1 . 2 3 . . 8 Detach 43 | . 2 . 2 . 1 1 1 . . . . . 9 1 1 1 4 2 4 5 3 . 1 5 Swap 76 | . 1 . . 1 4 25 . 2 5 2 . . 27 . 2 . . . 2 4 1 . . . Drop 133 | . 5 . 1 3 14 27 1 . 5 . . 1 24 3 . 3 9 2 6 10 4 13 2 . Fire 113 | . 6 2 2 1 14 34 1 1 4 4 . 1 40 . 3 . . . . . . . . . Melee 91 | . . . . 3 . 4 . 3 1 . . . . 2 3 . . 12 12 3 12 23 7 6 Ram 1 | . . . . . . . . . . . . . . . . . . . . . . . . 1 Kick . | . . . . . . . . . . . . . . . . . . . . . . . . . Crush . | . . . . . . . . . . . . . . . . . . . . . . . . . Escape Stasis 54 | . . . . . . 2 . . . . . . 5 . . . . . . . 36 . 11 . Rewire . | . . . . . . . . . . . . . . . . . . . . . . . . . Trap . | . . . . . . . . . . . . . . . . . . . . . . . . . Miscellaneous . | . . . . . . . . . . . . . . . . . . . . . . . . . Route ------- -11/Junkyard -10/Materials (discovered 2 exits: *Mat / *Min) -10/Mines -9/Materials -9/Mines -8/Materials -7/Factory -7/Waste -7/Factory -7/Lower Caves -7/Lower Caves (discovered 2 exits: *Fac / *Dat) -7/Data Miner -6/Proximity Caves -6/Factory (discovered 2 exits: *Fac / Low) -5/Factory -5/Upper Caves -5/Upper Caves -5/Zhirov -4/Proximity Caves -4/Factory (discovered 6 exits: *Res x4 / Upp x2) -3/Research -2/Research -2/Testing -2/Section 7 -1/Access History --------- Turn | Location | Event 1 | -11/Junkyard | Discovered new exit (range 0) 1 | -11/Junkyard | Entered Materials 237 | -10/Materials | Discovered new exit (range 3) 318 | -10/Materials | Build established: Mutant 398 | -10/Materials | Discovered new exit (range 16) 443 | -10/Materials | Entered Mines 458 | -10/Mines | Assisted by bots powering up and referring to "LRC-V3" 512 | -10/Mines | Found the Drone Emporium 616 | -10/Mines | Learned location of Storage (-8) 751 | -10/Mines | Discovered new exit (range 5) 766 | -10/Mines | Entered Materials 766 | -9/Materials | Accompanied by 3 allies 766 | -9/Materials | Evolved 2 slots: Propulsion x1, Utility x1 893 | -9/Materials | Discovered new exit (range 8) 905 | -9/Materials | Entered Mines 905 | -9/Mines | Accompanied by 3 allies 923 | -9/Mines | Met a Derelict who couldn't figure out how to use a Trap Extractor 945 | -9/Mines | Met a Derelict bent on vengeance 1029 | -9/Mines | Discovered new exit (range 16) 1075 | -9/Mines | Assembled infested the area 1129 | -9/Mines | Entered Materials 1129 | -8/Materials | Evolved 2 slots: Utility x1, Weapon x1 1534 | -8/Materials | Discovered new exit (range 12) 1547 | -8/Materials | Entered Factory 1547 | -7/Factory | Evolved 2 slots: Propulsion x1, Utility x1 1758 | -7/Factory | Repaired Imp. Carbon-fiber Leg 2824 | -7/Factory | Sucked down chute 2824 | -7/Factory | Entered Waste 2834 | -7/Waste | Spotted C-40 Crusher 2834 | -7/Waste | Spotted C-40 Crusher 2869 | -7/Waste | Crushed by Compactor (1 part destroyed, 1 dropped) 2918 | -7/Waste | Spotted C-40 Crusher 2922 | -7/Waste | Spotted C-40 Crusher 2942 | -7/Waste | Spotted C-40 Crusher 2973 | -7/Waste | Discovered new exit (range 10) 2983 | -7/Waste | Identified exit to Factory 2988 | -7/Waste | Entered Factory 3193 | -7/Factory | Discovered new exit (range 14) 3207 | -7/Factory | Identified exit to Lower Caves 3208 | -7/Factory | Entered Lower Caves 3210 | -7/Lower Caves | Attracted the attention of an 0b10 checkpoint 3584 | -7/Lower Caves | Build established: Scavenger-Mutant 3689 | -7/Lower Caves | Discovered new exit (range 6) 3694 | -7/Lower Caves | Identified exit to Lower Caves 3707 | -7/Lower Caves | Learned Factory stockpile data 3797 | -7/Lower Caves | Entered another Lower Caves area 3797 | -7/Lower Caves | Discovered new exit (range 14) 3839 | -7/Lower Caves | Identified exit to Factory 4032 | -7/Lower Caves | Learned Factory emergency access door positions 4238 | -7/Lower Caves | Discovered new exit (range 5) 4274 | -7/Lower Caves | Identified exit to Data Miner 4295 | -7/Lower Caves | Entered Data Miner 4295 | -7/Data Miner | Discovered new exit (range 6) 4319 | -7/Data Miner | Met Data Miner 4352 | -7/Data Miner | Learned location of Section 7 (-2) 4352 | -7/Data Miner | Acquired the access code to Warlord's prototype stash 4363 | -7/Data Miner | Received God Mode back door access code from Data Miner 4389 | -7/Data Miner | Identified exit to Proximity Caves 4390 | -7/Data Miner | Entered Proximity Caves 4472 | -6/Proximity Caves | Escorted by Enhanced Grunt 4590 | -6/Proximity Caves | Received a Behemoth hack from an annoying Tinkerer 4804 | -6/Proximity Caves | Discovered exit to Factory (range 16) 4805 | -6/Proximity Caves | Learned Factory stockpile data 4956 | -6/Proximity Caves | Entered Factory 4956 | -6/Factory | Accompanied by 1 ally 4956 | -6/Factory | Evolved 2 slots: Utility x2 4957 | -6/Factory | Identified exit to Lower Caves 5250 | -6/Factory | Build established: Scavenger-Gunner 5312 | -6/Factory | Repaired Imp. Titanium Leg 5587 | -6/Factory | Repaired Imp. Carbon-fiber Leg 5692 | -6/Factory | Build established: Scavenger-Mutant 6460 | -6/Factory | Build established: Mutant 6880 | -6/Factory | Incoming investigation squad redirected 7010 | -6/Factory | Fabricated Prc. Rocket Launcher (x1) 7145 | -6/Factory | Garrison activated, responded to threat 7149 | -6/Factory | Build established: Scavenger-Gunner 7221 | -6/Factory | Discovered new exit (range 15) 7278 | -6/Factory | Identified exit to Factory 7279 | -6/Factory | Entered another Factory area 7279 | -5/Factory | Evolved 2 slots: Propulsion x1, Utility x1 7305 | -5/Factory | Discovered new exit (range 9) 7309 | -5/Factory | Identified exit to Upper Caves 7371 | -5/Factory | Repaired Imp. Gravmag System 7463 | -5/Factory | Build established: Mutant 7525 | -5/Factory | Entered Upper Caves 7716 | -5/Upper Caves | Spotted B-75 Beast 7885 | -5/Upper Caves | Encountered a Warlord checkpoint 7997 | -5/Upper Caves | Discovered new exit (range 9) 8007 | -5/Upper Caves | Identified exit to Upper Caves 8012 | -5/Upper Caves | Entered another Upper Caves area 8020 | -5/Upper Caves | Attracted the attention of an 0b10 outpost 8037 | -5/Upper Caves | Spotted B-75 Beast 8080 | -5/Upper Caves | Attracted the attention of an 0b10 checkpoint 8093 | -5/Upper Caves | Lost 3 parts (1p2n) 8154 | -5/Upper Caves | Learned location of 1 exit from Proximity Caves 8302 | -5/Upper Caves | Discovered new exit (range 15) 8309 | -5/Upper Caves | Identified exit to Zhirov 8310 | -5/Upper Caves | Entered Zhirov 8310 | -5/Zhirov | Discovered new exit (range 3) 8321 | -5/Zhirov | Met Zhirov 8333 | -5/Zhirov | Learned location of Quarantine (-3) 8333 | -5/Zhirov | Learned location of Testing (-2) 8333 | -5/Zhirov | Learned location of Command (-1) 8342 | -5/Zhirov | Zhirov requested help retrieving the SGEMP Prototype 8400 | -5/Zhirov | Found Alien Artifact 8400 | -5/Zhirov | Identified Integrated Dissipator 8400 | -5/Zhirov | Installed Integrated Dissipator, increased core heat dissipation (+20) 8450 | -5/Zhirov | Found Alien Artifact 8450 | -5/Zhirov | Identified Transdimensional Reconstructor 8450 | -5/Zhirov | Warped through subspace 8451 | -5/Zhirov | Identified exit to Proximity Caves 8465 | -5/Zhirov | Entered Proximity Caves 8466 | -4/Proximity Caves | Identified exit to Factory 8467 | -4/Proximity Caves | Spotter reported a threat 8468 | -4/Proximity Caves | Spotter reported a threat 8699 | -4/Proximity Caves | Build established: Sprinter 8725 | -4/Proximity Caves | Attracted the attention of an 0b10 checkpoint 8760 | -4/Proximity Caves | Learned Research terminal intel 8791 | -4/Proximity Caves | Entered Factory 8791 | -4/Factory | Evolved 2 slots: Power x1, Propulsion x1 9000 | -4/Factory | Identified exit to Research 9000 | -4/Factory | Identified exit to Upper Caves 9006 | -4/Factory | Fabricated Exp. Optical Array? 9130 | -4/Factory | Incoming investigation squad redirected 9252 | -4/Factory | Fabricated Cld. Cesium-ion Thruster? 9273 | -4/Factory | Entered Research 9273 | -3/Research | Evolved 2 slots: Utility x2 9274 | -3/Research | Loaded intel: 24 terminal locations 9304 | -3/Research | Build established: Hacker-Sprinter 9544 | -3/Research | Discovered new exit (range 14) 9548 | -3/Research | Identified exit to Research 9579 | -3/Research | Entered another Research area 9579 | -2/Research | Evolved 2 slots: Propulsion x1, Utility x1 9898 | -2/Research | Discovered new exit (range 15) 9902 | -2/Research | Identified exit to Testing 9902 | -2/Research | Entered Testing 9910 | -2/Testing | Found Prototype Device 9910 | -2/Testing | Identified 2N-1CE's Frost Array 9952 | -2/Testing | Found Prototype Slashing Weapon 9952 | -2/Testing | Identified Centrium Greatsword 9958 | -2/Testing | Found Prototype Device 9958 | -2/Testing | Identified Exp. ECM Suite 10012 | -2/Testing | Spotted PH-341ZYJW6YQ 10014 | -2/Testing | Destroyed PH-341ZYJW6YQ 10016 | -2/Testing | Spotted Striker 10016 | -2/Testing | Spotted Striker 10120 | -2/Testing | Found Enh. Force Lance 10145 | -2/Testing | Spotted Fortress 10163 | -2/Testing | Discovered new exit (range 5) 10164 | -2/Testing | Identified exit to Section 7 10164 | -2/Testing | Entered Section 7 10177 | -2/Section 7 | Identified exit to Access 10191 | -2/Section 7 | Found Alien Artifact 10191 | -2/Section 7 | Identified Integrated Mediator 10191 | -2/Section 7 | Installed Integrated Mediator, increased core attachment efficiency. 10224 | -2/Section 7 | Scanned by Researcher 10232 | -2/Section 7 | Released all parts (15) 10237 | -2/Section 7 | Core integrity fell below 50% 10241 | -2/Section 7 | Core integrity fell below 20% 10245 | -2/Section 7 | Entered Access 10245 | -1/Access | Evolved 2 slots: Utility x2 10262 | -1/Access | Lost 4 parts (1n2u1w) 10384 | -1/Access | Intercept squad dispatched 10418 | -1/Access | Spotted Tracker 10418 | -1/Access | Spotted Tracker 10418 | -1/Access | Spotted Combat Programmer 10435 | -1/Access | Core integrity fell below 50% 10435 | -1/Access | Destroyed Tracker 10439 | -1/Access | Found Prototype Processor 10439 | -1/Access | Identified Exp. Targeting Computer 10442 | -1/Access | Found Prototype Device 10442 | -1/Access | Identified Exp. Phase Shifter 10443 | -1/Access | Core integrity fell below 20% 10456 | -1/Access | Spotted B-99 Colossus 10458 | -1/Access | Destroyed by B-99 Colossus with Linear Accelerator Last Messages --------------- 10431_ Penetrated by EMDS Slug. 10432_ Cld. Field Propulsion Drive temporarily disabled. 10432_ Imp. Targeting Computer destroyed. 10433_ Penetrated by EMDS Slug. 10435_ Tracker destroyed. 10436_ Penetrated by EMDS Slug. 10436_ Cld. Field Propulsion Drive destroyed. 10437_ Penetrated by Slug. 10437_ Slug penetrates Wall. 10438_ Penetrated by EMDS Slug. 10439_ Acquired Prototype Processor. 10439_ Identified Exp. Targeting Computer. 10441_ Acquired 5 matter. 10442_ Acquired Prototype Device. 10442_ Identified Exp. Phase Shifter. 10443_ Exp. Phase Shifter destroyed. 10450_ Penetrated by EMDS Slug. 10450_ K-01 Serf destroyed. 10452_ Penetrated by EMDS Slug. 10457_ Terminal disabled. Map ----- +----------------------------------------------------+ | #????????????????????????????????????????? | | #????????????????????????????????????????? | | ""#????????????????????????????????????????? | | ""#????????????????????????????????????????? | | ""#????????????????????????????????????????? | | G#????????????????????????????????????????? | | " ""#????????????????????????????????????????? | | "" ""#????????????????????????????????????????? | | " ""#????????????????????????????????????????? | | ########?????????????????????????????????? | | / % #?????????????????????????????????? | | ###### #?????????????????????????????????? | | ###### ##????# #?????????????????????????????????? | | ???? ????# #?????????????????????????????????? | | ??!!! ??# #?????????????????????????????????? | | !!! ## #?????????????????????????????????? | | !!! # #?????????????????????????????????? | | ## #?????????????????????????????????? | | ## #?#+####+###??????????????????????? | | ## #?# ## #??????????????????????? | | ## #?# ## ######+##### #?????????? | | ] ## #?# ## k #?????????? | | ############## #?# ## ###???????? | | ?????????????#=#?# ## BB#???????? | | ?????????????#%#?# ## !! BB#???????? | | ?????????????#*### ## @ !! #?????????? | | ?????????????# ss ! #?????????? | | ?????????????# p %"" "" ?????? | | ?????????????# "T"" ?????? | | ?????????????# """ ?????? | | ?????????????##############################??????? | | ?????????????????????????????????????????????????? | | ?????????????????????????????????????????????????? | | ?????????????????????????????????????????????????? | | ?????????????????????????????????????????????????? | | ?????????????????????????????????????????????????? | | ?????????????????????????????????????????????????? | | ?????????????????????????????????????????????????? | | ?????????????????????????????????????????????????? | | ?????????????????????????????????????????????????? | | ?????????????????????????????????????????????????? | | ?????????????????????????????????????????????????? | | ?????????????????????????????????????????????????? | | ?????????????????????????????????????????????????? | | ?????????????????????????????????????????????????? | | ?????????????????????????????????????????????????? | | ?????????????????????????????????????????????????? | | ?????????????????????????????????????????????????? | | ?????????????????????????????????????????????????? | | ?????????????????????????????????????????????????? | +----------------------------------------------------+ Best States ------------- Heat Dissipation 72 Energy Generation 43 Energy Capacity 340 Matter Stores 300 Matter Capacity 300 Sight Range 20 Robot Scan Range 18 Terrain Scan Density 110 ECM Strength 3 Jamming Range 14 Corruption Containment 8 Armor Coverage 600 Resistance: KI 30 Resistance: TH 25 Power Shielding 90 Utility Shielding 66 Melee Speed Boost 30 Evasion (%) 77 Targeting Accuracy 22 Melee Accuracy 6 Core Analysis 6 Recoil Reduction 2 Particle Charging 15 Offensive Hacking 52 Defensive Hacking 14 Item Schematics ----------------- Imp. Carbon-fiber Leg | -7/Factory | Scanalyzed Combat Drone Bay | -7/Data Miner | Free Lgt. Regenerative Plating | -7/Data Miner | Free Cld. Cesium-ion Thruster | -7/Data Miner | Free Gravity Neutralizer | -7/Data Miner | Free Prc. Rocket Launcher | -7/Data Miner | Free Gyrokinetic Inverter | -7/Data Miner | Free Adv. Shield Generator | -7/Data Miner | Free Hvy. Phase Cannon | -7/Data Miner | Free Hvy. Siege Treads | -7/Data Miner | Free HERF Cannon | -7/Data Miner | Free Assault Drone Bay | -5/Zhirov | Free Exp. Heat Sink | -5/Zhirov | Free Exp. Optical Array | -5/Zhirov | Free Imp. Arc Thrower | -5/Zhirov | Free Q-thruster | -4/Factory | Hacked Diametric Drive | -2/Testing | Archive Exp. Gyrokinetic Inverter | -2/Testing | Archive Exp. Thermal Shield | -2/Testing | Archive Hvy. Tesla Rifle | -2/Section 7 | Archive Imp. KE Penetrator | -2/Section 7 | Archive Ionic Axe | -2/Section 7 | Archive Robot Schematics ------------------ M-28 Smith | -7/Data Miner | Free G-50 Soldier | -7/Data Miner | Free I-36 Angel | -7/Data Miner | Free E-15 Imp | -7/Data Miner | Free M-22 Extractor | -7/Data Miner | Free H-66 Slayer | -7/Data Miner | Free S-27 Virus | -7/Data Miner | Free L-61 Swordsman | -2/Testing | Archive R-06 Scavenger | -2/Testing | Archive G-67 Veteran | -2/Testing | Archive T-07 Excavator | -2/Testing | Archive R-10 Processor | -2/Section 7 | Archive Fabricated ------------ Prc. Rocket Launcher | x1 | -6/Factory Exp. Optical Array | x1 | -4/Factory Cld. Cesium-ion Thruster | x1 | -4/Factory Alien Tech Used ----------------- Integrated Dissipator Transdimensional Reconstructor Integrated Mediator Achievements -------------- Signature Confirmed Challenges ------------ None Game ------ Seed DimensionalCooledMediator Manual? 0 Play Time 02:38:33 Cumulative 143.3 hours Start 2023.07.11 @ 23:35:16 End 2023.07.13 @ 01:07:39 Sessions 13 Manual Loads 0 Difficulty Rogue Special Mode None Game No. 160 Rogue 137 Adventurer 19 Explorer 4 Win Type - Total 1 Types 0/0/1/0/0/0/0/0/0 Lore% 52 Gallery% 58 Achievement% 47 Wizard Run 0 Options --------- ASCII 1 Keyboard 1 Movement Vi Keybinds 0 Fullscreen 1 Font 18/Terminus Map View 76x50 Tactical HUD 1 Map Filters NONE Filters SATURATION(80) Steam X RUN: 36eb988f-66a0-4525-bcab-5a6ae25e1363